[Event "4NCL Div 1 2024-25"]
[Site "England"]
[Date "2024.11.23"]
[Round "1.43"]
[White "Taylor, Martin R"]
[Black "Gourlay, Iain"]
[Result "1/2-1/2"]
[ECO "A13"]
[WhiteElo "2353"]
[BlackElo "2303"]
[Annotator "RC"]
[PlyCount "76"]
[EventDate "2024.11.23"]
[EventType "team-tourn"]
[EventCountry "ENG"]
[SourceTitle "playchess.com"]
[Source "ChessBase"]
[SourceQuality "1"]
[TimeControl "40/6000+30:3000+30"]

1. c4 e6 2. g3 d5 3. Bg2 Nf6 4. Nf3 Bd6 5. O-O O-O 6. Qc2 Nc6 7. d4 dxc4 8. Qxc4 e5 9. Nc3 exd4 10. Nxd4 Nxd4 11. Qxd4 Qe7 12. Bf4 Bxf4 13. Qxf4 c6 14. Rad1 Be6 15. e4 Rfd8 16. e5 Nd7 17. Rd6 f6 18. exf6 Nxf6 19. Rxd8+ Rxd8 20. Qe3 a6 21. Re1 Re8 22. Bh3 Kf7 23. Qb6 Qd7 24. Rd1 Qc8 25. Bxe6+ Kxe6 26. Na4 Kf7 27. Qb3+ Kf8 28. Nc5 Re7 29. Kg2 Nd5 30. h3 Rf7 31. Qd3 Kg8 32. Re1 Qf8 33. Qd4 Re7 34. Rxe7 Qxe7 35. a3 a5 36. h4 h6 37. Kf1 b6 38. Nd3 Qe6 1/2-1/2

[Event "4NCL Div 1 2024-25"]
[Site "England"]
[Date "2024.11.23"]
[Round "1.44"]
[White "Berry, Neil"]
[Black "Rogers, Jonathan W"]
[Result "0-1"]
[ECO "D08"]
[WhiteElo "2248"]
[BlackElo "2331"]
[Annotator "RC"]
[PlyCount "70"]
[EventDate "2024.11.23"]
[EventType "team-tourn"]
[EventCountry "ENG"]
[SourceTitle "playchess.com"]
[Source "ChessBase"]
[SourceQuality "1"]
[TimeControl "40/6000+30:3000+30"]

1. d4 d5 2. c4 e5 3. dxe5 Ne7 4. Nf3 Nbc6 5. e3 Bg4 6. Be2 dxc4 7. Qa4 Ng6 8. Nbd2 Bb4 9. a3 Bxd2+ 10. Bxd2 Bxf3 11. gxf3 Ngxe5 12. Bc3 Qd5 13. Rd1 Nd3+ 14. Bxd3 cxd3 15. Qg4 Ne7 16. e4 Qc4 17. O-O h5 18. Qg5 Rh6 19. Kh1 Rg6 20. Qe3 Rd8 21. Rd2 Qe6 22. Rxd3 Qh3 23. Rxd8+ Kxd8 24. Rg1 Rxg1+ 25. Kxg1 Ng6 26. Bxg7 Kc8 27. Bf6 b6 28. b4 Qe6 29. Qd4 Nf4 30. Qe5 Ne2+ 31. Kf1 Qc4 32. Kg2 Qc1 33. Bg5 Qg1+ 34. Kh3 Qxf2 35. Qf5+ Kb8 0-1